 Dungeon Crawl Stone Soup version 0.29-a0-11-ga75d3d97ab (webtiles) character file.

Game seed: 73549346705140253

395 Spectrina the Covert (level 6, -1/36 HPs)
             Began as a Vampire Delver on Jan 28, 2022.
             Was a Follower of Qazlal.
             Slain by a hobgoblin (2 damage)
             ... on level 4 of the Dungeon.
             The game lasted 00:06:33 (733 turns).

Spectrina the Covert (Vampire Delver)                Turns: 733, Time: 00:06:34

Health: -1/36      AC:  3    Str: 11    XL:     6   Next: 52%
Magic:  9/9        EV: 12    Int: 12    God:    Qazlal [*.....]
Gold:   83         SH:  1    Dex: 18    Spells: 5/5 levels left

rFire   . . .      SeeInvis +   r - +4 flail
rCold   + + .      Faith    .   (no shield)
rNeg    + + +      Spirit   .   b - +0 leather armour
rPois   ∞          Reflect  .   (no helmet)
rElec   .          Harm     .   (no cloak)
rCorr   .          Rampage  .   (no gloves)
Will    .....                   (no boots)
Stlth   ++++++....              (no amulet)
HPRegen 0.00/turn               (no ring)
MPRegen 0.11/turn               (no ring)

@: bloodless, inhibited regen
A: bloodless, fangs 3, see invisible, vampiric 2
a: Bat Form, Revivify, Renounce Religion


You were on level 4 of the Dungeon.
You worshipped Qazlal.
Qazlal was aware of your devotion.
You visited 2 branches of the dungeon, and saw 7 of its levels.

You collected 83 gold pieces.

Inventory:

Hand Weapons
 a - a +0 short sword
 h - a +0 shortbow
 m - a +0 falchion
 r - a +4 flail (weapon)
 t - a +0 dagger
 u - a +0 hunting sling
Missiles
 i - 10 arrows
 k - 2 poisoned darts (quivered)
 n - 66 stones
 o - 3 boomerangs
 q - 14 bolts
 s - 32 sling bullets
Armour
 b - a +0 leather armour (worn)
Wands
 g - a wand of digging (3)
 j - a wand of flame (12)
Scrolls
 c - 2 scrolls of fog
 d - a scroll of magic mapping
 e - 3 scrolls of teleportation {unknown}
 l - 2 scrolls of identify {unknown}
 p - a scroll of immolation {unknown}
Potions
 f - a potion of haste


   Skills:
 - Level 2.6 Fighting
 - Level 2.1 Short Blades
 - Level 2.1 Dodging
 - Level 10.3 Stealth
 + Level 4.2 Invocations


You had 5 spell levels left.
You didn't know any spells.
Your spell library was empty.

Dungeon Overview and Level Annotations

Branches:
Dungeon (6/15)             Temple (1/1) D:6

Altars:
Ashenzari
Cheibriados
Gozag
Hepliaklqana
Okawaru
Qazlal
Sif Muna
Uskayaw
Vehumet
Yredelemnul
The Shining One

Annotations:
D:3 Robin
D:6 Maggie


Innate Abilities, Weirdness & Mutations

You do not regenerate when monsters are visible.
You are frail without blood (-20% HP).
You can heal yourself when you bite living creatures.
You are immune to poison.
You have razor-sharp teeth.
You have supernaturally acute eyesight. (SInv)
You are afflicted with vampirism and can become a bat while bloodless.


Message History

The endoplasm closely misses you. The endoplasm freezes you.
You are frozen.
You resist.
You thump the endoplasm!
You kill the endoplasm!
Qazlal accepts your kill.
The goblin shoots a stone.
The stone hits you but does no damage.
The goblin unwields a +0 hunting sling.
The goblin wields a +0 club.
You block the goblin's attack.
Items here: )) ††.
You barely miss the goblin. The goblin hits you with a +0 club.
* * * LOW HITPOINT WARNING * * *
You hit the goblin.
The goblin is severely wounded.
The goblin hits you but does no damage. The goblin barely misses you.
You hit the goblin.
You kill the goblin!
Qazlal accepts your kill.
n - 66 stones (gained 21)
Things that are here:
a +0 club; a +0 hunting sling
u - a +0 hunting sling You now have 83 gold pieces (gained 7).
You see here a +0 club.
Items here: )) ††.
A ball python comes into view.
The ball python moves out of view.
You see here a +0 club.
There is a stone staircase leading down here.
You climb downwards.
The hobgoblin shouts!
The hobgoblin hits you.
* * * LOW HITPOINT WARNING * * *
The hobgoblin closely misses you.
There is a stone staircase leading up here.
Unknown command.
You barely miss the hobgoblin.
A goblin comes into view. It is wielding a +0 dagger.
The hobgoblin hits you.
You die...

# #.###
#...##
#..g@#
#.......#
###.......
#.........
#...........
#....#####..
#....# #
##..g#


You could see a hobgoblin and a goblin.

Vanquished Creatures
  An orc warrior (D:5)
  A centaur (D:6)
  An orc priest (D:5)
  A centaur skeleton (D:5)
  An orc wizard (D:5)
  A hound zombie (D:5)
  A hound skeleton (D:5)
  3 gnolls (D:3)
  7 adders
  2 orcs (D:5)
  A ball python (D:2)
  2 endoplasms
  A giant cockroach (D:2)
  8 goblins (D:3)
  5 hobgoblins
  A bat (D:2)
  A frilled lizard (D:2)
  A rat (D:2)
39 creatures vanquished.

Notes
Turn   | Place    | Note
-------+----------+-------------------------------------------
     0 | D:5      | Spectrina the Vampire Delver began the quest for the Orb.
     0 | D:5      | Reached XP level 1. HP: 17/17 MP: 1/1
    10 | D:6      | Found a staircase to the Ecumenical Temple.
    14 | D:6      | Noticed a centaur
    19 | D:6      | Killed a centaur
    20 | D:6      | Reached skill level 9 in Stealth
    20 | D:6      | Reached XP level 2. HP: 23/23 MP: 2/2
    20 | D:6      | Gained mutation: You are afflicted with vampirism and can
                  | become a bat while bloodless. [Vampire growth]
    20 | D:6      | Reached XP level 3. HP: 28/28 MP: 3/3
    20 | D:6      | Reached XP level 4. HP: 34/34 MP: 4/4
    25 | Temple   | Entered the Ecumenical Temple
    66 | Temple   | Upgraded the game from 0.29-a0-9-g022ca4c890 to
                  | 0.29-a0-11-ga75d3d97ab
    75 | Temple   | Became a worshipper of Qazlal Stormbringer
   150 | D:6      | Noticed Maggie
   176 | D:5      | Reached skill level 10 in Stealth
   262 | D:5      | Noticed an orc warrior
   274 | D:5      | Reached skill level 1 in Invocations
   274 | D:5      | Reached XP level 5. HP: 31/31 MP: 5/5
   277 | D:5      | Killed an orc warrior
   278 | D:5      | Reached XP level 6. HP: 36/36 MP: 5/8
   393 | D:3      | Found a basalt altar of Yredelemnul.
   409 | D:3      | Noticed Robin
   671 | D:3      | Reached * piety under Qazlal
   732 | D:4      | HP: 1/36 [hobgoblin (2)]
   733 | D:4      | Slain by a hobgoblin

Illustrated notes

Levels and vault maps discovered:
D:1:      eino_arrival_tree_alley, layout_loops_ring, serial_shops, shop,
          shapermc_ecumenical_altar_rom_forum
D:2:      layout_loops_corners, minmay_increasing_density
D:3:      layout_basic, mainiacjoe_overflow_concentric_impassable,
          gammafunk_ghost_nasty_kobolds, uniq_robin, uniq_sigmund, uniq_terence
D:4:      kennysheep_spiral_hall, layout_layer_cave, kennysheep_little_box,
          grunt_decor_resistance
D:5:      layout_basic, small_statue_intersection, minmay_misc_feat_nine_boxes,
          uniq_prince_ribbit1
D:6:      minmay_flawed_box, layout_basic, elyvilon_altar_4,
          gammafunk_temple_overflow_statue, minmay_temple_entry_grid,
          uniq_maggie
Temple:   jpeg_temple_alley_garden

Skill      XL: |  1  2  3  4  5  6 |
---------------+-------------------+-----
Stealth        | 9 10 | 10.3
Invocations    | 1 3 4 |  4.2
Fighting       | |  2.6
Short Blades   | |  2.1
Dodging        | |  2.1

Action                   |  1- 3 |  4- 6 || total
-------------------------+-------+-------++-------
Melee: Short sword       |     1 |    18 ||    19
       Falchion          |       |    20 ||    20
       Bite              |       |     8 ||     8
       Flail             |       |    43 ||    43
       Punch             |       |     2 ||     2
 Abil: Exsanguinate      |       |     1 ||     1
  Use: Scroll            |       |     1 ||     1
 Stab: Sleeping          |     1 |    16 ||    17
       Distracted        |       |     1 ||     1
Armor: Leather armour    |       |    24 ||    24
Dodge: Dodged            |       |    59 ||    59
Block: Other             |       |     1 ||     1

Table legend: (Time is in decaauts)
 A = Elapsed time spent in this place.
 B = Non-inter-level travel time spent in this place.
 C = Inter-level travel time spent in this place.
 D = Time resting spent in this place.
 E = Time spent auto-exploring this place.
 F = Levels seen in this place.
 G = Mean time per level.
                   A        B        C        D        E       F      G
               +--------+--------+--------+--------+--------+-----+--------+
         Total |    751 |    742 |      9 |      0 |      0 |   7 |  107.3 |
       Dungeon |    671 |    662 |      9 |      0 |      0 |   6 |  111.8 |
        Temple |     79 |     79 |      0 |      0 |      0 |   1 |   79.0 |
               +--------+--------+--------+--------+--------+-----+--------+

Top non-repeatable levels by time:
     D:2: 219 daAuts
     D:5: 175 daAuts
     D:3: 163 daAuts
     D:6: 81 daAuts
  Temple: 79 daAuts
     D:4: 18 daAuts
     D:1: 13 daAuts
